 Dungeon Crawl Stone Soup version 0.21.1-1-g345015f (webtiles) character file.

182 letownia2 the Poker (level 5, -1/35 HPs)
             Began as a Merfolk Wizard on Mar 10, 2018.
             Slain by a worker ant (4 damage)
             ... on level 4 of the Dungeon.
             The game lasted 00:06:51 (1027 turns).

letownia2 the Poker (Merfolk Wizard)                Turns: 1027, Time: 00:06:52

Health: -1/35      AC:  4    Str: 11    XL:     5   Next: 61%
Magic:  2/9        EV: 12    Int: 18    God:
Gold:   63         SH:  0    Dex: 12    Spells: 4/10 levels left

rFire    . . .     SeeInvis .   v - +5 scythe "Finisher" {speed, Str+3}
rCold    . . .     Gourm    .   (shield currently unavailable)
rNeg     . . .     Faith    .   h - +0 leather armour
rPois    .         Spirit   .   b - +0 hat
rElec    .         Reflect  .   q - +0 cloak
rCorr    .         Harm     .   (no gloves)
MR       .....                  (no boots)
Stlth    ++........             (no amulet)
HPRegen  0.11/turn              (no ring)
MPRegen  0.11/turn              (no ring)

@: very slightly contaminated
A: change form in water, swift swim, stealthy swim
a: no special abilities


You were on level 4 of the Dungeon.
You were very hungry.

You visited 1 branch of the dungeon, and saw 4 of its levels.

You collected 63 gold pieces.

Inventory:

Hand Weapons
 e - a +0 dagger
 g - a +0 spear
 m - a +0 blowgun
 v - the +5 scythe "Finisher" (weapon) {speed, Str+3}
   (You found it on level 4 of the Dungeon)

   Attacks with this weapon are significantly faster.
   It affects your strength (+3).
Missiles
 j - 7 tomahawks (quivered)
 n - 9 poisoned needles
Armour
 a - a +0 robe
 b - a +0 hat (worn)
 h - a +0 leather armour (worn)
 q - a +0 cloak (worn)
 u - a cursed +0 ring mail
Scrolls
 k - 5 scrolls of identify {unknown}
 l - 2 scrolls of teleportation {unknown}
 s - a scroll of remove curse {unknown}
 t - a scroll of immolation {unknown}
Potions
 f - a potion of degeneration {unknown}
 i - 2 potions of curing {unknown}
 o - a potion of heal wounds {unknown}
 p - a potion of flight {unknown}
 r - a potion of mutation {unknown}
 w - a potion of haste {unknown}
Books
 c - a book of Minor Magic

   Spells                             Type                      Level
   a - Magic Dart                     Conjuration                  1
   b - Blink                          Translocation                2
   c - Call Imp                       Summoning                    2
   d - Slow                           Hexes                        2
   e - Conjure Flame                  Conjuration/Fire             3
   f - Mephitic Cloud                 Conjuration/Poison/Air       3
Comestibles
 d - 4 rations


   Skills:
 + Level 3.6 Polearms
 - Level 2.6 Dodging
 - Level 2.1 Stealth
 - Level 3.0 Spellcasting
 - Level 1.5 Conjurations
 + Level 2.7 Summonings
   Level 0.7 Translocations
 + Level 1.5 Air Magic
 + Level 2.1 Poison Magic


You had 4 spell levels left.
You knew the following spells:

 Your Spells              Type           Power        Failure   Level  Hunger
a - Magic Dart            Conj           #...         12%         1    None
e - Mephitic Cloud        Conj/Pois/Air  #.......     32%         3    ###....
i - Call Imp              Summ           ##......     11%         2    ##.....


Dungeon Overview and Level Annotations

Branches:
Dungeon (4/15)
 Temple: D:4-7

Altars:
Wu Jian

Annotations:
D:3 letownia2's ghost, weakling MfWz
D:4 Sigmund


Message History

Attack whom?
Press: ? - help, Dir - move target cursor, f/p - adder
Aim: an adder (heavily wounded)
You barely miss the adder.
The adder is heavily wounded.
The worker ant bites you but does no damage.
The adder misses you. The worker ant barely misses you.
Attack whom?
Press: ? - help, Dir - move target cursor, f/p - adder
Aim: an adder (heavily wounded)
You slash the adder!
You kill the adder!
The worker ant bites you but does no damage.
Attack whom?
Press: ? - help, Dir - move target cursor, f - worker ant
Aim: a worker ant (lightly wounded)
You hit the worker ant.
The worker ant is moderately wounded.
The worker ant closely misses you. The worker ant bites you.
You die...

#####.#####.....##
#........#.......##
#.....##..........#
#.................+
#.................#
###.#.####......>##
##...####.....##
#.....# ##...##
#..@a.# ##+##
#..†..# #....##
#.#### #. #. #. #.


You could see a worker ant.

Vanquished Creatures
  Eustachio (D:4)
  An adder (D:4)
  A giant cockroach (D:3)
  2 goblins
  4 hobgoblins
  4 bats
  4 frilled lizards
  6 kobolds
  4 rats
27 creatures vanquished.

Vanquished Creatures (collateral kills)
  2 adders
  An ooze (D:2)
3 creatures vanquished.

Grand Total: 30 creatures vanquished

Notes
Turn   | Place    | Note
-------+----------+-------------------------------------------
     0 | D:1      | letownia2 the Merfolk Wizard began the quest for the Orb.
     0 | D:1      | Reached XP level 1. HP: 13/13 MP: 4/4
    33 | D:1      | Reached skill level 1 in Conjurations
   225 | D:2      | Found an ornate altar of the Wu Jian Council.
   232 | D:2      | Reached XP level 2. HP: 19/19 MP: 3/6
   237 | D:2      | Learned a level 2 spell: Call Imp
   281 | D:2      | Reached skill level 1 in Polearms
   517 | D:3      | Reached XP level 3. HP: 19/24 MP: 0/7
   525 | D:3      | Learned a level 3 spell: Mephitic Cloud
   541 | D:3      | Noticed letownia2's ghost (weakling MfWz)
   586 | D:4      | Noticed a phantom
   853 | D:4      | Found the +5 scythe "Finisher" {speed, Str+3}
   880 | D:4      | Noticed Eustachio
   887 | D:4      | Noticed Sigmund
   890 | D:4      | Killed Eustachio
   890 | D:4      | Reached skill level 1 in Air Magic
   890 | D:4      | Reached XP level 4. HP: 8/30 MP: 1/8
   890 | D:4      | Reached XP level 5. HP: 9/35 MP: 1/9
  1027 | D:4      | Slain by a worker ant

Skill      XL: |  1  2  3 |
---------------+----------+-----
Conjurations   | 1 |  1.5
Polearms       | 1 3 |  3.6
Summonings     | 2 |  2.7
Air Magic      | 1 |  1.5
Poison Magic   | 2 |  2.1
Dodging        | |  2.6
Stealth        | |  2.1
Spellcasting   | |  3.0
Translocations | |  0.7

Action                   |  1- 3 |  4- 6 || total
-------------------------+-------+-------++-------
Melee: Dagger            |     4 |       ||     4
       Unarmed           |     2 |       ||     2
       Spear             |    27 |       ||    27
       Scythe            |     6 |     9 ||    15
 Cast: Magic Dart        |    40 |       ||    40
       Call Imp          |     6 |       ||     6
       Mephitic Cloud    |     1 |     1 ||     2
 Stab: Sleeping          |     1 |       ||     1
       Confused          |     1 |       ||     1
Armor: Robe              |     4 |       ||     4
       Leather armour    |     3 |     4 ||     7
Dodge: Dodged            |    24 |    11 ||    35
